 Dungeon Crawl Stone Soup version 0.26.1-10-gdfb7c7de75 (webtiles) character file.

Game seed: 4040536581221644995

37 Nezzrak the Firebug (level 3, -1/21 HPs)
             Began as an Octopode Fire Elementalist on Mar 31, 2021.
             Slain by a kobold
             ... wielding a +0 short sword
              (3 damage)
             ... on level 3 of the Dungeon.
             The game lasted 00:09:03 (2394 turns).

Nezzrak the Firebug (Octopode Fire Elementalist)    Turns: 2394, Time: 00:09:04

Health: -1/21      AC:  1    Str:  7    XL:     3   Next: 41%
Magic:  6/6        EV: 13    Int: 18    God:
Gold:   130        SH:  0    Dex: 12    Spells: 2/6 levels left

rFire    . . .     SeeInvis .   (no weapon)
rCold    . . .     Faith    .   (no shield)
rNeg     . . .     Spirit   .   (helmet restricted)
rPois    .         Reflect  .   g - amulet of magic regeneration
rElec    .         Harm     .   (no ring)
rCorr    .         Rampage  .   (no ring)
Will     .....                  (no ring)
Stlth    +++.......             (no ring)
HPRegen  0.07/turn              (no ring)
MPRegen  0.35/turn              (no ring)
                                (no ring)
                                (no ring)

@: no status effects
A: almost no armour, stealthy swim, amphibious, 8 rings, constrict 8, camouflage
1, gelatinous body 1
a: no special abilities


You were on level 3 of the Dungeon.
You visited 1 branch of the dungeon, and saw 3 of its levels.

You collected 130 gold pieces.

Inventory:

Jewellery
 g - an amulet of magic regeneration (around mantle)
Scrolls
 a - a scroll of enchant weapon
 b - a scroll of remove curse {unknown}
 c - a scroll of noise {unknown}
 e - a scroll of immolation {unknown}
 f - a scroll of enchant armour {unknown}
 h - a scroll of fog {unknown}
Potions
 d - 2 potions of lignification {unknown}
 i - a potion of mutation {unknown}


   Skills:
 + Level 2.1 Dodging
 + Level 2.7 Stealth
 * Level 2.4 Spellcasting
 + Level 1.0 Conjurations
 * Level 3.9 Fire Magic


You had 2 spell levels left.
You knew the following spells:

 Your Spells              Type           Power        Failure   Level
a - Foxfire               Conj/Fire      44%          6%          1
b - Conjure Flame         Conj/Fire      11%          19%         3

Your spell library contained the following spells:

 Spells                   Type           Power        Failure   Level
 Inner Flame              Hex/Fire       9%           22%         3
 Sticky Flame             Conj/Fire      11%          52%         4
 Fireball                 Conj/Fire      5%           86%         5


Dungeon Overview and Level Annotations

Branches:
Dungeon (3/15)

Altars:


Innate Abilities, Weirdness & Mutations

You cannot wear most types of armour.
You are very stealthy in the water. (Stealth+)
You are amphibious.
You can wear up to eight rings at the same time.
You can use your tentacles to constrict eight enemies at once.
Your skin changes colour to match your surroundings (Stealth+).
Your rubbery body absorbs attacks. (AC +1, EV +1)


Message History

A frilled lizard comes into view.
A worm comes into view.
The giant cockroach bites you.
You see here a stone.
The worm closely misses you. The giant cockroach barely misses you.
The giant cockroach misses you. The giant cockroach bites you.
The kobold hits you with a +0 short sword!
The giant cockroach barely misses you.
The kobold hits you with a +0 short sword.
* * * LOW HITPOINT WARNING * * *
The hobgoblin barely misses you. The giant cockroach closely misses you.
You completely miss the centaur zombie. The centaur zombie hits you.
* * * LOW HITPOINT WARNING * * *
The hobgoblin hits you but does no damage.
The giant cockroach misses you. The centaur zombie closely misses you.
You tentacle-slap the centaur zombie but do no damage.
The kobold hits you with a +0 short sword.
You die...

##########...........
#..l.....(.###.......
#....................
#...........(........#
#....................#
#..........##........#
#..............#.....
#.....wgZ...#.###.##.
#......B@..##.....#
#......K...#...####
########.###.#.#####.#
...#......<....#
..........####.#
.......#### ...####
....# ..


You could see a worm, a centaur zombie, a giant cockroach, a hobgoblin, a kobold
and a frilled lizard (asleep).

Vanquished Creatures
  2 leopard geckos (D:1)
  A giant cockroach (D:1)
  5 goblins
  2 hobgoblins (D:1)
  7 jackals (D:1)
  4 kobolds
  6 bats
  4 frilled lizards
  2 rats
33 creatures vanquished.

Vanquished Creatures (others)
  58 foxfires (D:1)
58 creatures vanquished.

Grand Total: 91 creatures vanquished

Notes
Turn   | Place    | Note
-------+----------+-------------------------------------------
     0 | D:1      | Nezzrak the Octopode Fire Elementalist began the quest for
                  | the Orb.
     0 | D:1      | Reached XP level 1. HP: 11/11 MP: 3/3
   421 | D:1      | Reached XP level 2. HP: 17/17 MP: 0/5
  1252 | D:1      | Reached XP level 3. HP: 14/21 MP: 4/6
  1382 | D:1      | Learned a level 3 spell: Conjure Flame
  2394 | D:3      | Slain by a kobold

Illustrated notes

Levels and vault maps discovered:
D:1:      psy_arrival_radial02, layout_basic
D:2:      layout_basic, overflow_temple_1_default, minmay_large_rounded_square,
          trog_butcher_becter, uniq_crazy_yiuf_cottage
D:3:      kennysheep_six_static_rooms, layout_rooms, trog_eyes_of_draining

Action                   || total
-------------------------++-------
Melee: Unarmed           ||    31
       Constrict         ||     9
       Tentacles         ||     4
 Cast: Foxfire           ||    35
  Use: Scroll            ||     1
 Stab: Sleeping          ||     5
Armor: Skin              ||    14
Dodge: Dodged            ||    63
